AoeStats
← revientamuros

QS Arena

503243700Analyzed
4v4 RM · 11d ago on Aug 30, 2026· 70m 21s· 8 players
Game mode
Random Map
Map size
Large (8 player)
Population
200
Speed
Normal
Resources
Standard
Victory
Conquest
Starting age
Dark Age
Ending age
Imperial Age
RankedLock teamsTeams togetherTeam positionsShared explorationLock speedFull tech treeHidden civsTurbo modeCheats
Victory
Defeat
🇪🇸 Celts · Spain
961
+12
🇬🇧 Britons · United Kingdom
863
+16
🇨🇴 Teutons · Colombia
845
+17
🇪🇸 Bohemians · Spain
830
+18
🇪🇸 Armenians · Spain
884
-16
🇸🇪 Magyars · Sweden
872
-41
🇸🇪 Ethiopians · Sweden
861
-28
🇸🇪 Persians · Sweden
837
-17
ÍtsÁppleTime
2:30 Loom
7:23 Feudal Age
7:53 Double-Bit Axe
8:09 Horse Collar
14:17 Castle Age
12:14 Stone Mining
12:59 Gold Mining
14:58 Wheelbarrow
14:19 Fletching
15:52 Stone Shaft Mining
15:33 Bow Saw
17:33 Scale Barding Armor
17:40 Forging
19:00 Bodkin Arrow
22:33 Heavy Plow
24:22 Light Cavalry
25:05 Husbandry
25:17 Bloodlines
26:36 Gold Shaft Mining
29:08 Imperial Age
27:34 Masonry
27:46 Ballistics
27:55 Bloodlines
29:40 Citadels
29:53 Light Cavalry
32:02 Hand Cart
33:54 Town Watch
33:35 Cavalier
35:45 Two-Man Saw
35:17 Crop Rotation
36:37 Gold Shaft Mining
35:57 Savar
38:55 Iron Casting
38:25 Scale Barding Armor
38:46 Conscription
41:39 Chain Barding Armor
42:19 Blast Furnace
42:54 Caravan
44:22 Chemistry
53:26 Town Patrol
61:46 Plate Barding Armor
61:29 Guilds
revientamuros
0:38 Loom
9:22 Feudal Age
9:49 Double-Bit Axe
9:52 Town Watch
10:01 Horse Collar
12:03 Wheelbarrow
16:50 Castle Age
15:53 Forging
16:44 Stone Mining
16:49 Gold Mining
18:19 Squires
18:46 Fervor
18:52 Bow Saw
18:46 Heavy Plow
20:05 Sanctity
21:21 Scale Mail Armor
21:12 Fletching
23:21 Hand Cart
24:58 Gambesons
24:34 Man-at-Arms
26:49 Bodkin Arrow
27:10 Chain Mail Armor
27:42 Ballistics
30:47 Imperial Age
28:17 Long Swordsman
28:43 Arson
29:40 Pikeman
29:46 Two-Handed Swordsman
32:10 Conscription
31:57 Fereters
31:46 Capped Ram
34:24 Conscription
34:10 Fereters
33:39 Champion
34:38 Bracer
34:40 Padded Archer Armor
35:51 Fortified Wall
35:52 Masonry
37:09 Gold Shaft Mining
38:18 Fereters
38:52 Hoardings
38:58 Iron Casting
38:40 Leather Archer Armor
38:32 Elite Composite Bowman
39:25 Murder Holes
41:29 Chemistry
49:55 Siege Ram
57:02 Plate Mail Armor
59:53 Blast Furnace
58:51 Elite Skirmisher
61:25 Ring Archer Armor
64:23 Caravan
64:47 Halberdier
Sebbez
6:08 Loom
10:44 Feudal Age
12:11 Wheelbarrow
11:24 Horse Collar
12:55 Double-Bit Axe
13:25 Gold Mining
14:04 Town Watch
15:06 Scale Barding Armor
17:02 Scale Mail Armor
20:44 Castle Age
21:43 Hand Cart
22:00 Bow Saw
21:52 Heavy Plow
22:15 Chain Barding Armor
23:41 Stone Mining
23:54 Caravan
25:34 Treadmill Crane
27:13 Town Watch
29:53 Ballistics
29:29 Murder Holes
33:07 Imperial Age
32:11 Gold Shaft Mining
32:09 Husbandry
32:20 Bloodlines
33:03 Corvinian Army
33:21 Thumb Ring
33:20 Padded Archer Armor
33:10 Fletching
35:00 Parthian Tactics
34:09 Elite Skirmisher
35:27 Conscription
38:23 Heavy Scorpion
39:49 Recurve Bow
41:46 Elite Magyar Huszar
45:37 Hoardings
46:49 Coinage
48:02 Heavy Cavalry Archer
50:46 Chemistry
49:57 Masonry
49:48 Heavy Cavalry Archer
52:02 Chain Mail Armor
52:22 Plate Barding Armor
68:57 Two-Man Saw
Chinne23
8:44 Feudal Age
9:26 Double-Bit Axe
9:32 Gold Mining
9:24 Horse Collar
10:33 Stone Mining
16:32 Castle Age
16:54 Fletching
17:23 Bow Saw
17:16 Heavy Plow
19:10 Stone Shaft Mining
19:15 Gold Shaft Mining
19:17 Stone Shaft Mining
20:49 Wheelbarrow
22:21 Crossbowman
23:24 Ballistics
24:04 Bodkin Arrow
24:10 Padded Archer Armor
25:23 Squires
25:14 Arson
25:40 Caravan
26:17 Coinage
25:52 Loom
27:34 Hand Cart
27:06 Town Watch
27:40 Thumb Ring
26:58 Elite Skirmisher
28:42 Town Patrol
33:13 Imperial Age
31:48 Leather Archer Armor
34:29 Banking
34:09 Guilds
35:04 Two-Man Saw
35:28 Chemistry
34:25 Murder Holes
36:35 Conscription
36:06 Arbalester
36:38 Elite Shotel Warrior
40:27 Siege Engineers
40:33 Fortified Wall
40:13 Heated Shot
40:30 Bracer
41:01 Ring Archer Armor
41:21 Halberdier
42:35 Heavy Cavalry Archer
47:10 Forging
47:02 Scale Mail Armor
52:53 Man-at-Arms
LiMe86
4:47 Loom
12:13 Feudal Age
12:45 Horse Collar
12:53 Double-Bit Axe
19:18 Castle Age
17:33 Gold Mining
17:39 Stone Mining
18:02 Fletching
18:24 Padded Archer Armor
20:43 Heavy Plow
20:54 Bow Saw
21:43 Wheelbarrow
21:07 Bodkin Arrow
21:27 Leather Archer Armor
22:22 Gold Shaft Mining
23:57 Caravan
24:35 Ballistics
25:01 Hand Cart
25:20 Squires
25:36 Town Watch
28:50 Yeomen
32:13 Imperial Age
32:16 Elite Longbowman
33:17 Conscription
34:00 Bracer
34:31 Ring Archer Armor
35:03 Chemistry
36:10 Forging
36:05 Scale Barding Armor
36:04 Warwolf
36:21 Fortified Wall
36:08 Murder Holes
36:24 Fortified Wall
39:57 Two-Man Saw
41:42 Coinage
41:23 Guilds
41:22 Town Patrol
45:30 Iron Casting
45:15 Chain Barding Armor
44:56 Scale Mail Armor
62:07 Cavalier
62:47 Husbandry
63:36 Banking
◄ Bikar ►
8:26 Feudal Age
12:38 Castle Age
10:54 Double-Bit Axe
12:52 Town Watch
15:04 Wheelbarrow
15:29 Loom
18:30 Bow Saw
20:05 Horse Collar
22:11 Man-at-Arms
23:42 Fletching
24:36 Heavy Plow
25:17 Fortified Wall
26:25 Bodkin Arrow
29:29 Imperial Age
27:52 Hand Cart
28:13 Ballistics
27:35 Long Swordsman
28:01 Gambesons
29:31 Masonry
29:41 Heavy Scorpion
31:27 Chemistry
30:16 Two-Handed Swordsman
31:09 Town Patrol
32:56 Conscription
33:00 Champion
34:48 Forging
34:38 Scale Mail Armor
38:45 Iron Casting
38:25 Chain Mail Armor
39:07 Caravan
44:33 Conscription
43:59 Pikeman
44:52 Gold Mining
44:52 Stone Mining
45:50 Halberdier
47:21 Fervor
49:24 Blast Furnace
48:54 Plate Mail Armor
49:34 Capped Ram
49:44 Elite Woad Raider
50:21 Stronghold
50:41 Furor Celtica
53:38 Treadmill Crane
53:55 Murder Holes
54:07 Siege Engineers
60:53 Siege Ram
Pelanuski
0:39 Loom
9:57 Feudal Age
14:07 Castle Age
14:13 Double-Bit Axe
15:13 Bow Saw
17:05 Wheelbarrow
21:48 Fletching
22:26 Careening
22:16 Murder Holes
23:23 Chemistry
23:22 Bodkin Arrow
24:39 Forging
24:53 Ballistics
24:56 Squires
24:40 Pikeman
29:29 Imperial Age
27:59 Horse Collar
31:31 Conscription
30:59 Halberdier
33:13 Hand Cart
32:43 Town Watch
36:15 Two-Man Saw
36:42 Town Patrol
39:41 Bracer
40:16 Iron Casting
39:42 Scale Mail Armor
40:49 Bombard Tower
40:10 Treadmill Crane
40:42 Masonry
42:20 Guilds
42:45 Elite Hussite Wagon
53:28 Husbandry
54:20 Cavalier
57:26 Elite Skirmisher
58:59 Light Cavalry
64:58 Blast Furnace
64:14 Chain Mail Armor
64:05 Scale Barding Armor
64:00 Padded Archer Armor
64:57 Architecture
67:59 Chain Barding Armor
68:09 Plate Mail Armor
alejandroatara
9:53 Feudal Age
11:46 Horse Collar
12:05 Double-Bit Axe
14:49 Castle Age
22:20 Bow Saw
22:13 Heavy Plow
23:34 Stone Mining
24:45 Gold Mining
26:32 Wheelbarrow
30:16 Imperial Age
29:15 Stone Shaft Mining
30:39 Bloodlines
30:44 Forging
30:40 Scale Barding Armor
32:06 Crenellations
32:08 Conscription
33:14 Crop Rotation
32:13 Cavalier
35:07 Iron Casting
34:53 Chain Barding Armor
34:57 Hand Cart
35:53 Paladin
38:59 Plate Barding Armor
39:25 Blast Furnace
Connection lost

Rejoining the realm…

Still unreachable

The connection could not be restored.

Session expired

The server has moved on; the page needs a fresh start.